 Dungeon Sprint DCSS version 0.29-a0-1009-g60c99734e7 (webtiles) character file.

Game seed: 13144386154047442142

115 Hubris850 the Artisan of Death (level 4, -3/30 HPs)
             Began as a Demonspawn Necromancer on Aug 8, 2022.
             Was a Priest of Kikubaaqudgha.
             Killed by divine providence
             ... invoked by an orc priest
              (16 damage)
             ... in the Dungeon (Sprint VII: "The Pits").
             The game lasted 00:06:12 (473 turns).

Hubris850 the Artisan of Death (DsNe)                Turns: 473, Time: 00:06:13

Health: -3/30      AC:  2    Str:  9    XL:     4   Next: 68%
Magic:  10/12      EV: 12    Int: 18    God:    Kikubaaqudgha [***...]
Gold:   0          SH:  0    Dex: 13    Spells: 3/15 levels left

rFire   . . .      SeeInvis .   d - +2 long sword (flame)
rCold   . . .      Faith    .   (no shield)
rNeg    . . .      Spirit   .   a - +0 robe
rPois   .          Reflect  .   (no helmet)
rElec   .          Harm     .   (no cloak)
rCorr   .          Rampage  .   (no gloves)
Will    .....      NoTele   +   (no boots)
Stlth   ++........              (no amulet)
HPRegen 0.10/turn               (no ring)
MPRegen 0.13/turn               (no ring)

@: animating dead
A: claws 1, spiny 1, weakness stinger 1
a: Renounce Religion, Unearth Wretches


You were in the Dungeon.
You worshipped Kikubaaqudgha.
Kikubaaqudgha was most pleased with you.
You visited 1 branch

Inventory:

Hand Weapons
 d - a +2 long sword of flaming (weapon)
 h - a +2 falchion
Armour
 a - a +0 robe (worn)
Scrolls
 g - a scroll of blinking
 j - 5 scrolls of amnesia
 k - a scroll of summoning
Potions
 b - 4 potions of magic
 c - 6 potions of curing
 e - a potion of haste
 f - 2 potions of berserk rage
 i - 2 potions of invisibility
 l - 5 potions of heal wounds


   Skills:
 + Level 1.4 Long Blades
 - Level 1.7 Dodging
 - Level 1.7 Stealth
 + Level 6.0 Spellcasting
 + Level 1.6 Hexes
 + Level 8.2 Necromancy


You had 3 spell levels left.
You knew the following spells:

 Your Spells              Type           Power      Damage    Failure   Level
a - Necrotise             Necr           100%       1d9       1%          1
b - Vampiric Draining     Necr           35%        2d8       1%          3
c - Animate Dead          Necr           35%        N/A       4%          4
d - Anguish               Hex/Necr       11%        N/A       16%         4

Your spell library contained the following spells:

 Spells                   Type           Power      Damage    Failure   Level
 Dispel Undead            Necr           35%        3d15      4%          4
 Agony                    Necr           35%        N/A       11%         5
 Corpse Rot               Necr/Pois/Air  15%        N/A       36%         4
 Borgnjor's Vile Clutch   Necr/Erth      10%        N/A       52%         5
 Death Channel            Necr           17%        N/A       52%         6
 Simulacrum               Ice/Necr       10%        N/A       98%         6


Dungeon Overview and Level Annotations

Branches:
Dungeon (1/1)

Altars:
Ashenzari
Cheibriados
Dithmenos
Fedhas
Gozag
Hepliaklqana
Kikubaaqudgha
Makhleb
Nemelex Xobeh
Okawaru
Qazlal
Ru
Sif Muna
Trog
Uskayaw
Vehumet
Wu Jian
Xom
Yredelemnul
Jiyva
Lugonu

Annotations:
D Blork the orc


Innate Abilities, Weirdness & Mutations

You have sharp fingernails.
You are partially covered in sharp spines.
You have a small tail.


Message History

Your Necromancy skill increases to level 8!
You hit the giant cockroach but do no damage.
The giant cockroach is severely wounded.
The giant cockroach barely misses you.
Unknown command.
You barely miss the giant cockroach.
The giant cockroach is severely wounded.
The giant cockroach waves its antennae.
The giant cockroach bites you but does no damage.
The giant cockroach barely misses you.
Unknown command.
You barely miss the giant cockroach. You tail-slap the giant cockroach.
You kill the giant cockroach!
Kikubaaqudgha accepts your kill.
Kikubaaqudgha is now protecting you from unholy torment.
The dead are walking!
Blork the orc hits your giant cockroach zombie with a +0 battleaxe!
Your giant cockroach zombie is destroyed!
The warg bites you.
You swap places.
The warg closely misses your iguana zombie.
Your iguana zombie bites the warg.
The warg bites your iguana zombie!
You see here an iguana corpse.
Casting: Animate Dead (quite dangerous; 4% risk of failure)
Confirm with . or Enter, or press ? or * to list all spells.
Okay, then.
Magic courses through your body.
The warg barely misses your iguana zombie.
Your iguana zombie bites the warg.
The warg bites your iguana zombie!
A frilled lizard comes into view.
The frilled lizard hisses angrily.
Kikubaaqudgha calls piteous wretches from the earth!
Kikubaaqudgha will no longer protect you from unholy torment.
A slime creature comes into view.
The orc priest mumbles some strange prayers to Beogh against you.
Beogh smites you!
Ouch! That really hurt!
You die...
Kikubaaqudgha rasps: "You have failed me!
Welcome... death!"

##########.##.....
#...........'.....
#'#####'#####.....
#.#...#.#..##.....
#.#...#.#.)#####'#
#.#).)'.#))##.....
#J##)####))##.....
#.#..)..#[[##.....
#@#.....#'###...<.
#l#........##.....
#Z#........##.....
#h###########.....


#oo ###### #go. #...# #.##. #.. #. You could see a slime creature (paralysed), a
warg (ally target), Blork the orc (fast), an orc priest, a gnoll, an orc, a
frilled lizard (paralysed) and a friendly iguana zombie.

Vanquished Creatures
  A yak (D)
  A gnoll bouda (D)
  An iguana (D)
  4 gnolls (D)
  A river rat (D)
  An orc (D)
  A bat (D)
  A giant cockroach (D)
  A goblin (D)
  2 quokkas (D)
  A kobold (D)
  A rat (D)
16 creatures vanquished.

Vanquished Creatures (collateral kills)
  A bat skeleton (D)
  A ball python skeleton (D)
2 creatures vanquished.

Vanquished Creatures (others)
  An iguana (D)
  A giant cockroach zombie (D)
2 creatures vanquished.

Grand Total: 20 creatures vanquished

Notes
Turn   | Place    | Note
-------+----------+-------------------------------------------
     0 | D        | Hubris850 the Demonspawn Necromancer began the quest for
                  | the Orb.
     0 | D        | Reached XP level 1. HP: 13/13 MP: 3/3
    35 | D        | Found a basalt altar of Yredelemnul.
    35 | D        | Found a shimmering altar of Xom.
    35 | D        | Found an ornate altar of the Wu Jian Council.
    35 | D        | Found a bloodstained altar of Trog.
    35 | D        | Found a shimmering blue altar of Sif Muna.
    35 | D        | Found a sacrificial altar of Ru.
    35 | D        | Found a stormy altar of Qazlal.
    35 | D        | Found an iron altar of Okawaru.
    35 | D        | Found a sparkling altar of Nemelex Xobeh.
    35 | D        | Found a burning altar of Makhleb.
    35 | D        | Found a viscous altar of Jiyva.
    35 | D        | Found a hazy altar of Hepliaklqana.
    35 | D        | Found an opulent altar of Gozag.
    35 | D        | Found a blossoming altar of Fedhas.
    35 | D        | Found a shadowy altar of Dithmenos.
    35 | D        | Found a snail-covered altar of Cheibriados.
    36 | D        | Found a radiant altar of Vehumet.
    36 | D        | Found a corrupted altar of Lugonu.
    37 | D        | Found a hide-covered altar of Uskayaw.
    37 | D        | Found an ancient bone altar of Kikubaaqudgha.
    37 | D        | Found a broken altar of Ashenzari.
    45 | D        | Became a worshipper of Kikubaaqudgha
    68 | D        | Reached * piety under Kikubaaqudgha
    68 | D        | Received a gift from Kikubaaqudgha
    69 | D        | Reached skill level 5 in Necromancy
    74 | D        | Discovered your monstrous ancestry.
    74 | D        | Gained mutation: You have sharp fingernails. [demonic
                  | ancestry]
    74 | D        | Reached XP level 2. HP: 19/19 MP: 1/6
   125 | D        | Reached skill level 6 in Necromancy
   125 | D        | Reached ** piety under Kikubaaqudgha
   131 | D        | Gained mutation: You are partially covered in sharp spines.
                  | [demonic ancestry]
   131 | D        | Reached XP level 3. HP: 20/24 MP: 2/9
   140 | D        | Reached *** piety under Kikubaaqudgha
   140 | D        | Received a gift from Kikubaaqudgha
   141 | D        | Reached skill level 5 in Spellcasting
   141 | D        | Reached skill level 7 in Necromancy
   142 | D        | Gained mutation: You have a small tail. [demonic ancestry]
   142 | D        | Reached XP level 4. HP: 5/30 MP: 2/11
   420 | D        | Learned a level 3 spell: Vampiric Draining
   425 | D        | Learned a level 4 spell: Animate Dead
   430 | D        | Learned a level 4 spell: Anguish
   460 | D        | Noticed Blork the orc
   464 | D        | Noticed a warg
   467 | D        | Reached skill level 1 in Long Blades
   467 | D        | Reached skill level 1 in Hexes
   467 | D        | Reached skill level 8 in Necromancy
   469 | D        | Reached **** piety under Kikubaaqudgha
   473 | D        | Killed from afar by an orc priest

Illustrated notes

Levels and vault maps discovered:
D:        pitsprint [storerooms_1, entrance_room_1, metal_vault_6, armoury_3,
          mini_pit_1, grid_room_1, main_hall_1, silver_pit, the_coven_1,
          the_vestibule_1, steel_vault_4, golden_pit, hallway_of_sentries,
          crystal_vault_1, iron_vault_3, final_vault]

Skill      XL: |  1  2  3  4 |
---------------+-------------+-----
Necromancy     | 5 6 7 8 |  8.2
Spellcasting   | 3 4 5 6 |  6.0
Long Blades    | 1 |  1.4
Hexes          | 1 |  1.6
Dodging        | |  1.7
Stealth        | |  1.7

Action                   |  1- 3 |  4- 6 || total
-------------------------+-------+-------++-------
Melee: Falchion          |    15 |     2 ||    17
       Long sword        |       |     7 ||     7
       Tailslap          |       |     2 ||     2
 Cast: Necrotise         |    10 |     2 ||    12
       Animate Dead      |       |     1 ||     1
Invok: Unearth Wretches  |       |     2 ||     2
  Use: Potion            |     2 |     1 ||     3
 Stab: Paralysed         |       |     1 ||     1
Armor: Robe              |     1 |     1 ||     2
Dodge: Dodged            |    11 |     5 ||    16

Table legend: (Time is in decaauts)
 A = Elapsed time spent in this place.
 B = Non-inter-level travel time spent in this place.
 C = Inter-level travel time spent in this place.
 D = Time resting spent in this place.
 E = Time spent auto-exploring this place.
 F = Levels seen in this place.
 G = Mean time per level.
                   A        B        C        D        E       F      G
               +--------+--------+--------+--------+--------+-----+--------+
         Total |    489 |    489 |      0 |    303 |      0 |   1 |  489.0 |
       Dungeon |    489 |    489 |      0 |    303 |      0 |   1 |  489.0 |
               +--------+--------+--------+--------+--------+-----+--------+

Top non-repeatable levels by time:
       D: 489 daAuts
